 Dungeon Sprint DCSS version 0.29.0-13-gc9e81de378 (webtiles) character file.

Game seed: 12402430309521418502

10 ImASeal the Magician (level 2, -7/21 HPs)
             Began as a Djinni Fire Elementalist on Sept 8, 2022.
             Was an Initiate of Jiyva.
             Mangled by a hell hound (9 damage)
             ... in the Dungeon (Sprint V: "Ziggurat Sprint").
             The game lasted 00:04:30 (182 turns).

ImASeal the Magician (Djinni Fire Elementalist)      Turns: 182, Time: 00:04:31

Health: -7/21      AC:  2    Str:  7    XL:     2   Next: 30%
Gold:   0          EV: 12    Int: 34    God:    Jiyva [......] SH:  0 Dex: 13

rFire   + + .      SeeInvis .   x - +6 Majin-Bo {vamp, MP+6 Int+6}
rCold   x . .      Faith    .   (shield currently unavailable)
rNeg    . . .      Spirit   .   a - +0 robe
rPois   ∞          Reflect  .   (no helmet)
rElec   .          Harm     .   (no cloak)
rCorr   .          Rampage  .   (no gloves)
Will    .....      NoTele   +   (boots unavailable)
Stlth   ++........              (no amulet)
HPRegen 0.07/turn               p - +6 ring of intelligence
MPRegen 0.00/turn               q - +6 ring of intelligence

@: flying
A: sickness immunity, fire resistance 2, cold vulnerability 1, float, innate
caster, HP casting, extra vitality 1
a: Renounce Religion


You were in the Dungeon.
You worshipped Jiyva.
Jiyva was noncommittal.
You visited 1 branch

Inventory:

Hand Weapons
 w - the +7 great mace "Firestarter" {inner flame, rF++}
   (You found it in the Dungeon)

   It burns those it strikes, dealing additional fire damage.
   It fills those it strikes with an explosive inner flame.
   It grants immunity to clouds of flame.
   rF:        It greatly protects you from fire.
 x - the +6 Majin-Bo (weapon) {vamp, MP+6 Int+6}
   (You found it in the Dungeon)

   It heals its wielder for a portion of the damage dealt when they wound a
   living foe with it or with a spell.
   Its wielder's spells cost health as well as magical power.
   Int:       It affects your intelligence (+6).
   MP:        It affects your magic capacity (+6).
 B - a +5 lajatang
Armour
 a - a +0 robe (worn)
 y - a +5 crystal plate armour
 z - +5 gold dragon scales
Jewellery
 n - a +6 ring of dexterity
 o - a +6 ring of dexterity
 p - a +6 ring of intelligence (left hand)
 q - a +6 ring of intelligence (right hand)
 r - a +6 ring of strength
 s - a +6 ring of strength
Wands
 l - a wand of mindburst (7)
 m - a wand of acid (7)
Scrolls
 f - 4 scrolls of blinking
 t - 7 scrolls of fog
 u - 5 scrolls of identify
 v - 2 scrolls of fear
Potions
 b - 10 potions of curing
 c - 10 potions of heal wounds
 d - 6 potions of haste
 e - 3 potions of berserk rage
 g - 2 potions of brilliance
 h - 2 potions of invisibility
 i - 4 potions of resistance
 j - a potion of experience
 k - 5 potions of might
Miscellaneous
 A - a lightning rod (4/4) (quivered)
 C - a condenser vane


   Skills:
 + Level 2.7 Dodging
 + Level 2.0 Stealth
 + Level 3.7 Spellcasting


You couldn't memorise any spells.
You knew the following spells:

 Your Spells              Type           Power      Damage    Failure   Level
a - Foxfire               Conj/Fire      100%       2x1d9     1%          1
b - Scorch                Fire           64%        2d8       1%          2
c - Conjure Flame         Conj/Fire      32%        6-21      3%          3
d - Inner Flame           Hex/Fire       32%        N/A       3%          3
e - Flame Wave            Conj/Fire      32%        2d9       11%         4
Your spell library was empty.

Dungeon Overview and Level Annotations

Branches:
Dungeon (1/1)

Altars:
Ashenzari
Cheibriados
Dithmenos
Elyvilon
Fedhas
Gozag
Hepliaklqana
Makhleb
Nemelex Xobeh
Okawaru
Qazlal
Ru
Trog
Uskayaw
Wu Jian
Xom
Yredelemnul
Zin
The Shining One
Jiyva
Lugonu

Annotations:
D 1 transporter


Innate Abilities, Weirdness & Mutations

You are immune to sickness and miasma.
You are immune to poison.
Your flesh is very heat resistant. (rF++)
You are vulnerable to cold. (rC-)
You float through the air rather than walking.
You learn spells naturally, not from books.
Your magical power is your life essence.
You have superior vitality. (+4 MHP)


Message History

Your foxfire dissipates!
Your foxfire dissipates!
You see here an adder corpse.
You see here a condenser vane.
You see here a staff of poison.
You see here a staff of poison.
You see here a condenser vane.
C - a condenser vane You hear a distant slurping noise. x2
You hear a distant slurping noise.
There is a transporter here.
Welcome to arena 2.
You enter the transporter and appear at another place.
An iron imp and 2 hell hounds come into view.
The iron imp shouts!
The hell hound barks! x2
Found three items.
Found a transporter.
Casting: Foxfire (safe; 1% risk of failure)
Confirm with . or Enter, or press ? or * to list all spells.
You conjure some foxfire!
The hell hound breathes flames at you. The blast of flame hits your foxfire.
Your foxfire completely resists.
The blast of flame hits you. You resist.
Casting: Foxfire (safe; 1% risk of failure)
Confirm with . or Enter, or press ? or * to list all spells.
You conjure some foxfire!
The foxfire hits the hell hound but does no damage. x2
Casting: Foxfire (safe; 1% risk of failure)
Confirm with . or Enter, or press ? or * to list all spells.
Flames lash the hell hound.
The hell hound completely resists.
* * * LOW HITPOINT WARNING * * *
The foxfire hits the hell hound but does no damage. x2
The hell hound pauses to sniff the ground.
The hell hound barely misses you.
Casting: Scorch (safe; 1% risk of failure)
Confirm with . or Enter, or press ? or * to list all spells.
Flames lash the iron imp.
The iron imp completely resists.
* * * LOW HITPOINT WARNING * * *
The hell hound completely misses you. The hell hound bites you!
You die...

▓▓▓▓▓▓▓▓▓▓▓▓▓
▓.8©8.▓.8©8.▓
▓.)|=.▓.....▓
▓.....▓...|.▓
▓...5.▓.....▓
▓.....▓..†..▓
▓..hh.▓..©..▓
▓.§@..▓▓▓▓▓▓▓
▓▓▓▓▓▓▓


You could see 2 hell hounds and an iron imp.

Vanquished Creatures
  An adder (D)
  A ball python (D)
2 creatures vanquished.

Vanquished Creatures (others)
  A titan (shapeshifter) (D)
  A two-headed ogre (shapeshifter) (D)
  A sea snake (shapeshifter) (D)
  A swamp dragon (shapeshifter) (D)
  A lindwurm (shapeshifter) (D)
  2 shining eyes (shapeshifter) (D)
  A guardian serpent (shapeshifter) (D)
  A cane toad (shapeshifter) (D)
  A merfolk (shapeshifter) (D)
  A fire bat (shapeshifter) (D)
  A water moccasin (shapeshifter) (D)
  An ice beast (shapeshifter) (D)
  4 jellies (D)
  A frilled lizard (shapeshifter) (D)
  9 foxfires (D)
27 creatures vanquished.

Grand Total: 29 creatures vanquished

Notes
Turn   | Place    | Note
-------+----------+-------------------------------------------
     0 | D        | ImASeal the Djinni Fire Elementalist began the quest for
                  | the Orb.
     0 | D        | ImASeal set off with the following spells memorised:
                  | Foxfire, Scorch, Conjure Flame, Inner Flame, Flame Wave.
     0 | D        | Reached XP level 1. HP: 15/15 MP: 0/0
     2 | D        | Found a blossoming altar of Fedhas.
     2 | D        | Found the +6 Majin-Bo {vamp, MP+6 Int+6}
     2 | D        | Found the +9 heavy crossbow "Sniper" {vorpal, Acc+∞ SInv}
     2 | D        | Found the +10 dark maul {vorpal}
     2 | D        | Found the +15 Maxwell's patent armour {-Cast -Tele rElec
                  | Will+ rCorr}
     2 | D        | Found the +18 shield of the Gong {rElec rN+ Will+ EV-5}
     2 | D        | Found the +14 obsidian axe {vorpal, Mesm Drain Fly SInv}
     2 | D        | Found the +7 great mace "Firestarter" {inner flame, rF++}
     2 | D        | Found the +6 shillelagh "Devastator" {shatter}
     2 | D        | Found the +11 plutonium sword {Contam Stlth-}
     2 | D        | Found the +8 lance "Wyrmbane" {slay drac, rPois rF+ rC+
                  | AC+3}
     2 | D        | Found the +9 sword of Zonguldrok {reap}
     2 | D        | Found the +13 scythe of Curses {drain, Drain}
     2 | D        | Found the +5 sword of Power {vorpal}
     2 | D        | Found the +7 mace of Variability {chain chaos}
     2 | D        | Found the +7 Singing Sword {vorpal, sonic wave}
     2 | D        | Found the +8 storm bow {elec, penet}
     3 | D        | Found a sacrificial altar of Ru.
     3 | D        | Found a bloodstained altar of Trog.
     3 | D        | Found a stormy altar of Qazlal.
     3 | D        | Found an iron altar of Okawaru.
     3 | D        | Found a sparkling altar of Nemelex Xobeh.
     9 | D        | Found a corrupted altar of Lugonu.
     9 | D        | Found a burning altar of Makhleb.
     9 | D        | Found a transporter.
     9 | D        | Found a viscous altar of Jiyva.
     9 | D        | Found a hazy altar of Hepliaklqana.
    13 | D        | Found an opulent altar of Gozag.
   131 | D        | Became a worshipper of Jiyva Jetes the Shapeless
   135 | D        | Killed a sea snake
   136 | D        | Killed a merfolk
   138 | D        | Killed a shining eye
   139 | D        | Killed a shining eye
   140 | D        | Killed a lindwurm
   151 | D        | Killed a cane toad
   157 | D        | Entered arena 2.
   157 | D        | Found a transporter.
   158 | D        | Killed a guardian serpent
   160 | D        | Killed a titan
   160 | D        | Killed a water moccasin
   161 | D        | Reached skill level 3 in Spellcasting
   161 | D        | Reached XP level 2. HP: 18/21 MP: 0/0
   165 | D        | Killed an ice beast
   169 | D        | Killed a fire bat
   178 | D        | Entered arena 3.
   178 | D        | Found the +8 demon trident "Rift" {distort, reach+}
   178 | D        | Noticed a hell hound
   178 | D        | Noticed a hell hound
   178 | D        | Found a transporter.
   179 | D        | Killed a swamp dragon
   181 | D        | Killed a two-headed ogre
   182 | D        | Mangled by a hell hound

Illustrated notes

Levels and vault maps discovered:
D:        sprint_v [room_start, room_1, room_2, room_3, room_4, room_5, room_6,
          room_7, room_8, room_9, room_10, room_11, room_12, room_13, room_14,
          room_15, room_16, room_17, room_18, room_19, room_20, room_21,
          room_22, room_23, room_24, room_25, room_26, room_27]

Skill      XL: |  1 |
---------------+----+-----
Stealth        | 2 |  2.0
Spellcasting   | 3 |  3.7
Dodging        | |  2.7

Action                   || total
-------------------------++-------
 Cast: Foxfire           ||     5
       Scorch            ||     2
Dodge: Dodged            ||     2
